Map: Radhuset Station LE

Players

Subwayeatn - Winner!

  • Race: Zerg Zerg
  • League: Platinum
  • Spawn Location: 1:00

Prefix

  • Race: Zerg Zerg
  • League: Platinum
  • Spawn Location: 7:00

VOD

Have the link to the VOD?

Description

Time

  • Played on: Nov. 3, 2023, 6:15 p.m.
  • Length: 4:27
Show
View Real Time Build Order
Export as new Build Order

Subwayeatn Zerg - Winner!

Build Orders: Pool First 

Get SALT Encoding   

  12  0:00  Drone  
  13  0:10  Drone  
  14  0:14  Extractor  
  13  0:28  Spawning Pool  
  12  0:59  Hatchery  
  11  1:16  Queen  
  13  1:29  Metabolic Boost  
  13  1:38  Overlord  
  13  1:44  Zergling x2  
  14  1:59  Zergling x4  
  16  2:06  Zergling x2  
  17  2:14  Zergling x2  
  17  2:15  Zergling x2  
  19  2:22  Queen  
  21  2:32  Zergling x4  
  21  2:36  Zergling x2  
  24  2:45  Zergling x2  
  24  2:46  Zergling x2  
  24  2:51  Zergling x2  
  27  2:58  Zergling x2  
  28  3:16  Zergling x2  
  21  3:27  Zergling x8  
  21  3:28  Zergling x2  
  26  3:39  Zergling x4  
  27  4:01  Zergling x6  
Show
View Real Time Build Order
Export as new Build Order

Prefix Zerg 

Build Orders: Hatch First 

Get SALT Encoding   

  12  0:00  Drone  
  13  0:09  Drone  
  14  0:14  Extractor, Drone  
  15  0:38  Hatchery  
  14  0:45  Extractor, Drone  
  15  0:51  Overlord  
  15  1:06  Spawning Pool  
  14  1:11  Drone  
  14  1:13  Drone  
  14  1:16  Drone  
  17  1:24  Extractor, Drone  
  17  1:35  Drone  
  18  1:50  Drone  
  18  1:51  Drone  
  18  1:53  Queen  
  22  1:55  Queen  
  22  1:59  Drone  
  25  2:02  Drone  
  25  2:05  Drone  
  27  2:12  Drone  
  28  2:16  Overlord  
  28  2:34  Queen  
  28  2:35  Overlord  
  30  2:42  Drone  
  30  2:43  Roach Warren  
  30  2:44  Drone x2  
  32  2:51  Zergling x4  
  34  2:59  Zergling x4  
  34  3:05  Zergling x8  
  34  3:06  Zergling x2  
  35  3:17  Zergling x4  
  19  3:27  Drone  
  20  3:39  Drone x2  
  22  3:52  Drone x3  
  24  4:08  Zergling x6  
Tags
 
Add a new tag
Caveats
  • Supply blocks, unpowered buildings, or Contaminate may cause inaccurate times.
  • Supply counts are checked every 10 seconds.